 Dungeon Crawl Stone Soup version 0.28.0-49-g6dfe1f597d (webtiles) character file.

Game seed: 12225627123905972084

6 Peloso the Skirmisher (level 1, 0/20 HPs)
             Began as a Minotaur Fighter on May 18, 2022.
             Slain by a goblin
             ... wielding a +0 club
              (4 damage)
             ... on level 1 of the Dungeon.
             The game lasted 00:00:23 (38 turns).

Peloso the Skirmisher (Minotaur Fighter)              Turns: 38, Time: 00:00:24

Health: 0/20       AC:  7    Str: 20    XL:     1   Next: 75%
Magic:  0/0        EV:  9    Int:  5    God:
Gold:   13         SH:  4    Dex:  9    Spells: 0/0 levels left

rFire   . . .      SeeInvis .   a - +0 long sword
rCold   . . .      Faith    .   c - +0 buckler
rNeg    . . .      Spirit   .   b - +0 scale mail
rPois   .          Reflect  .   (helmet restricted)
rElec   .          Harm     .   (no cloak)
rCorr   .          Rampage  .   (no gloves)
Will    .....                   (no boots)
Stlth   ..........              (no amulet)
HPRegen 0.06/turn               (no ring)
MPRegen 0.07/turn               (no ring)

@: no status effects
A: horns 2, retaliatory headbutt
a: no special abilities


You were on level 1 of the Dungeon.
You visited 1 branch of the dungeon, and saw 1 of its levels.

You collected 13 gold pieces.

Inventory:

Hand Weapons
 a - a +0 long sword (weapon)
Armour
 b - a +0 scale mail (worn)
 c - a +0 buckler (worn)
Potions
 d - a potion of might


   Skills:
 + Level 3.8 Fighting
 + Level 2.4 Long Blades
 + Level 3.7 Armour
 + Level 3.8 Shields


You couldn't memorise any spells.
You didn't know any spells.
Your spell library was empty.

Dungeon Overview and Level Annotations

Branches:
Dungeon (1/15)

Altars:


Innate Abilities, Weirdness & Mutations

You have a pair of horns on your head.
You reflexively headbutt those who attack you in melee.


Message History

You hit the dart slug.
The dart slug is severely wounded.
The dart slug barely misses you. The goblin hits you with a +0 club.
The hobgoblin hits you.
You hit the dart slug.
The dart slug is almost dead.
The goblin barely misses you. You furiously retaliate!
You headbutt the goblin. The hobgoblin closely misses you.
You block the dart slug's attack. The goblin completely misses you.
You slash the dart slug!
You kill the dart slug!
The hobgoblin closely misses you. The goblin hits you with a +0 club.
* * * LOW HITPOINT WARNING * * *
The hobgoblin completely misses you. The goblin hits you with a +0 club.
* * * LOW HITPOINT WARNING * * *
You block the hobgoblin's attack.
You see here a dart slug corpse.
You closely miss the hobgoblin. You block the goblin's attack.
The hobgoblin hits you but does no damage.
You closely miss the hobgoblin. You headbutt the hobgoblin.
The hobgoblin is almost dead.
The goblin hits you but does no damage.
The hobgoblin hits you but does no damage.
You closely miss the goblin.
The goblin is severely wounded.
The goblin hits you but does no damage. The hobgoblin closely misses you.
The goblin hits you but does no damage. The hobgoblin closely misses you.
You barely miss the goblin. Your headbutt misses the goblin.
The goblin is severely wounded.
The goblin hits you but does no damage.
The hobgoblin hits you but does no damage.
You closely miss the goblin.
The goblin is severely wounded.
The goblin hits you but does no damage.
The hobgoblin hits you but does no damage.
You barely miss the goblin. Your headbutt misses the goblin.
The goblin is severely wounded.
The goblin hits you with a +0 club.
You die...

.. #.# .. # .
##.##. ##.. .....
#.... #..###..#..
#######.........
.......g....#
######g@...#
#...###.#
.......#.###.# #
.......#)).#.#.##.
.......###.#......
....!.. #..# # .
##.#### ##.#.# ..
... #.#.#.# .#
#####.....#


You could see a hobgoblin and a goblin.

Vanquished Creatures
  A dart slug (D:1)
  A goblin (D:1)
  A bat (D:1)
  A kobold (D:1)
  A rat (D:1)
5 creatures vanquished.

Notes
Turn   | Place    | Note
-------+----------+-------------------------------------------
     0 | D:1      | Peloso the Minotaur Fighter began the quest for the Orb.
     0 | D:1      | Reached XP level 1. HP: 19/19 MP: 0/0
    38 | D:1      | Slain by a goblin

Illustrated notes

Levels and vault maps discovered:
D:1:      lightli_iron_boxes, layout_rooms, minmay_strange_pillars,
          nicolae_figureground_pulse

Action                   || total
-------------------------++-------
Melee: Long sword        ||    13
       Headbutt          ||     1
Armor: Scale mail        ||    11
Dodge: Dodged            ||    15
Block: Buckler           ||     6
